 Dungeon Crawl Stone Soup version 0.29.0-4-gdea44cf6ec (webtiles) character file.

Game seed: 14463939991783693836

42 qw the Chopper (level 3, -3/21 HPs)
             Began as a Tengu Warper on Aug 28, 2022.
             Slain by a gnoll
             ... wielding a +0 flail
              (9 damage)
             ... on level 2 of the Dungeon.
             The game lasted 00:00:08 (1346 turns).

qw the Chopper (Tengu Warper)                       Turns: 1346, Time: 00:00:08

Health: -3/21      AC:  6    Str: 13    XL:     3   Next: 56%
Magic:  7/7        EV: 11    Int: 13    God:
Gold:   27         SH:  0    Dex: 13    Spells: 6/6 levels left

rFire   . . .      SeeInvis .   Y - +1 hand axe
rCold   . . .      Faith    .   (no shield)
rNeg    + . .      Spirit   .   d - +0 ring mail
rPois   .          Reflect  .   (helmet restricted)
rElec   .          Harm     .   (no cloak)
rCorr   .          Rampage  .   f - +0 pair of gloves
Will    .....                   (boots unavailable)
Stlth   +.........              (no amulet)
HPRegen 0.07/turn               i - ring of positive energy
MPRegen 0.10/turn               (no ring)

@: no status effects
A: beak, talons 3
a: no special abilities


You were on level 2 of the Dungeon.
You visited 1 branch of the dungeon, and saw 2 of its levels.

You collected 27 gold pieces.


Innate Abilities, Weirdness & Mutations

You have a beak for a mouth.
You have claws for feet.


   Skills:
 - Level 2.0 Fighting
 + Level 4.2 Axes
 - Level 1.0 Throwing
 - Level 1.1 Armour
 - Level 2.1 Dodging
 - Level 2.0 Spellcasting
 - Level 2.4 Translocations


You had 6 spell levels left.
You didn't know any spells.
Your spell library contained the following spells:

 Spells                   Type           Power      Damage    Failure   Level
 Blink                    Tloc           14%        N/A       30%         2
 Gell's Gravitas          Tloc           7%         N/A       52%         3
 Lesser Beckoning         Tloc           7%         N/A       52%         3
 Teleport Other           Tloc           7%         N/A       52%         3
 Manifold Assault         Tloc           7%         N/A       99%         5

Inventory:

Hand Weapons
 g - a +0 club
 Y - a +1 hand axe (weapon)
Armour
 d - a +0 ring mail (worn)
 f - a +0 pair of gloves (worn)
Jewellery
 b - an amulet of guardian spirit
 i - a ring of positive energy (left hand)
Scrolls
 j - 2 scrolls of identify
Potions
 a - a potion of mutation {unknown}

Dungeon Overview and Level Annotations

Branches:
Dungeon (2/15)

Altars:

Annotations:
D:2 1 runed translucent door, Crazy Yiuf


Message History

You see here a +0 club.
You see here a +0 dagger.
You see here a +0 dagger.
You see here a +0 club.
Found 6 stones.
Enter note:
Found a short sword.
A gnoll comes into view. It is wielding a +0 flail.
You see here a +0 short sword.
The gnoll shouts!
A goblin comes into view. It is wielding a +0 club.
A gnoll comes into view. It is wielding a +0 flail.
The gnoll throws a throwing net.
The throwing net hits you.
You become entangled in the net!
A gnoll comes into view. It is wielding a +0 flail.
The gnoll shouts!
You hear a shout!
You tear a large gash into the net.
The gnoll shouts!
You struggle against the net.
You struggle against the net.
The gnoll hits you with a +0 flail!
You shred the net and break free! The goblin hits you with a +0 club.
The gnoll hits you with a +0 flail.
You hit the gnoll. You claw the gnoll.
The gnoll is heavily wounded.
You hit the gnoll. You closely miss the goblin.
The gnoll hits you but does no damage. The goblin barely misses you.
The gnoll misses you.
You closely miss the gnoll.
The gnoll is moderately wounded.
You hit the goblin but do no damage. You hit the gnoll but do no damage.
The gnoll barely misses you. The gnoll misses you.
The goblin hits you but does no damage.
The gnoll hits you from afar with a +0 spear.
You closely miss the gnoll.
The gnoll is moderately wounded.
You hit the gnoll. You hit the goblin.
You kill the goblin!
The gnoll hits you with a +0 flail!
You die...

.## #.# ## #.# # #.## ##
#..# #. ##.# .## ####
#.# ..# ...# #.#
#.###### ...# #.#
#.g....# ...#
#.#########@gg..(# ...#
#.........#.)g...# ...#
#.#..~~~~........#
...###[#.~~~~~~.........
...#.....~~~~~~.........
####.%....~~~~~.######..
.....%....~~~~..# .
####...........##
#############


You could see 4 gnolls.

Vanquished Creatures
  2 worms (D:2)
  3 ball pythons (D:1)
  2 bats (D:1)
  5 endoplasms
  6 goblins
  A hobgoblin (D:2)
  2 jackals (D:1)
  2 kobolds
  A quokka (D:1)
  5 frilled lizards
  6 rats
35 creatures vanquished.

Vanquished Creatures (others)
  A fungus (D:1)
  2 plants (D:1)
3 creatures vanquished.

Grand Total: 38 creatures vanquished

Notes
Turn   | Place    | Note
-------+----------+-------------------------------------------
     0 | D:1      | qw the Tengu Warper began the quest for the Orb.
     0 | D:1      | Reached XP level 1. HP: 12/12 MP: 4/4
     0 | D:1      | 0 ||| qw: Version: 0.1-a-89-g26bdef1
     0 | D:1      | 0 ||| qw: Game counter: 636
     0 | D:1      | 0 ||| qw: Always use a shield: true
     0 | D:1      | 0 ||| qw: God list: Okawaru
     0 | D:1      | 0 ||| qw: Allow faded altars: false
     0 | D:1      | 0 ||| qw: Do Orc after D:15 true
     0 | D:1      | 0 ||| qw: Do second Lair branch before Depths: true
     0 | D:1      | 0 ||| qw: Lair rune preference: random
     0 | D:1      | 0 ||| qw: Plans: Normal
     0 | D:1      | 0 ||| PLANNING D:1-11
    74 | D:1      | 74 ||| Stepping ~*~*~tactically~*~*~ (stealth).
    76 | D:1      | 76 ||| Stepping ~*~*~tactically~*~*~ (stealth).
   133 | D:1      | Reached XP level 2. HP: 17/17 MP: 6/6
   157 | D:1      | Reached skill level 3 in Axes
   506 | D:1      | Reached XP level 3. HP: 21/21 MP: 7/7
   526 | D:1      | 526 ||| Stepping ~*~*~tactically~*~*~ (stealth).
   529 | D:1      | 529 ||| Stepping ~*~*~tactically~*~*~ (stealth).
   784 | D:1      | 784 ||| UPGRADING to +0 ring mail.
   794 | D:1      | 794 ||| DROPPING +0 leather armour.
   795 | D:1      | 795 ||| UPGRADING to +0 pair of gloves.
   800 | D:1      | 800 ||| UPGRADING to ring of positive energy.
   801 | D:1      | 801 ||| READING scroll labelled PEIWACR UZOST.
   802 | D:1      | 802 ||| READING scroll labelled PEECETY TENE.
   803 | D:1      | 803 ||| READING 3 scrolls labelled XEC PINISCH.
   804 | D:1      | 804 ||| DROPPING scroll of blinking.
   850 | D:2      | Reached skill level 4 in Axes
  1088 | D:2      | 1088 ||| FLEEEEING.
  1190 | D:2      | Found a runed translucent door.
  1191 | D:2      | Noticed Crazy Yiuf
  1346 | D:2      | Slain by a gnoll

Levels and vault maps discovered:
D:1:      amcnicky_arrival_abandoned_market, layout_loops_ring,
          shapermc_ecumenical_altar_petra
D:2:      wad_crossroads, layout_rooms, minmay_lizard_pond,
          uniq_crazy_yiuf_cottage

Skill      XL: |  1  2  3 |
---------------+----------+-----
Axes           | 3 4 |  4.2
Fighting       | |  2.0
Throwing       | |  1.0
Armour         | |  1.1
Dodging        | |  2.1
Spellcasting   | |  2.0
Translocations | |  2.4

Action                   || total
-------------------------++-------
Melee: Hand axe          ||    64
       Peck              ||     6
       Kick              ||    17
Throw: Boomerang         ||     7
  Use: Scroll            ||     3
 Stab: Sleeping          ||     1
Armor: Leather armour    ||     6
       Ring mail         ||     4
Dodge: Dodged            ||    24

Table legend:
 A = Non-vault XP
 B = Vault XP
 C = Vault XP percentage of total XP
 D = Non-vault monster count
 E = Vault monster count
 F = Vault count percentage of total count
                 A         B        C        D         E       F
            +---------+---------+-------+---------+---------+-------
      Total |      58 |       5 |   7.9 |      30 |       5 |  14.3
            +---------+---------+-------+---------+---------+-------
        D:1 |      40 |       0 |   0.0 |      23 |       0 |   0.0
        D:2 |      18 |       5 |  21.7 |       7 |       5 |  41.7
            +---------+---------+-------+---------+---------+-------
